 Dungeon Crawl Stone Soup version 0.17-a0-877-ga10078a (webtiles) character file.

139095 oplop the Eclecticist (level 17, -4/112 HPs)
             Began as an Octopode Ice Elementalist on Apr 30, 2015.
             Was the Champion of Vehumet.
             Slain by Aizul (5 damage)
             ... on level 3 of the Swamp.
             The game lasted 02:20:49 (32108 turns).

oplop the Eclecticist (Octopode Ice Elementalist)  Turns: 32108, Time: 02:20:50

Health: -4/112     AC: 16    Str:  9    XL:     17   Next: 27%
Magic:  19/45      EV: 24    Int: 28    God:    Vehumet [******]
Gold:   3054       SH: 13    Dex: 10    Spells: 11 memorised, 4 levels left

rFire  + . .     SeeInvis +     g - +6 demon whip of Udwios {pain, +Rage Int+5 Stlth-}
rCold  + + .     Clarity  .     (no shield)
rNeg   + . .     SustAb   .     R - +2 hat
rPois  .         Gourm    .     V - amulet of faith
rElec  .         Spirit   .     Q - ring of Shadows {Umbra +Inv rN+ SInv}
rCorr  .         Warding  .     e - ring of wizardry
rMut   .         Stasis   .     n - ring of ice
MR     +....                    v - +4 ring of evasion
Stlth  +++.......               q - ring of protection from fire
                                A - ring of magical power
                                G - ring of ice
                                D - +4 ring of evasion

@: lethally poisoned (-4 -> -44), icy armour, icy shield, no potions, wreathed
by umbra, somewhat resistant to hostile enchantments, fairly stealthy
A: almost no armour, amphibious, 8 rings, constrict 8, icy blue scales 1,
camouflage 1, clumsy 1, fire resistance 2, screaming 1, gelatinous body 1
a: Renounce Religion, Evoke Berserk Rage, Evoke Invisibility


You were on level 3 of the Swamp.
You worshipped Vehumet.
Vehumet was exalted by your worship.
You were not hungry.

You visited 5 branches of the dungeon, and saw 31 of its levels.
You also visited: Labyrinth and Ice Cave.

You collected 3154 gold pieces.
You spent 100 gold pieces at shops.

Inventory:

Hand weapons
 c - a +2 triple sword of freezing
 g - the +6 demon whip of Udwios (weapon) {pain, +Rage Int+5 Stlth-}
   (You found it in an ice cave)

   In the hands of one skilled in necromantic magic, it inflicts extra damage on
   living creatures.
   It affects your intelligence (+5).
   It lets you go berserk.
   It makes you less stealthy.
 p - a +1 whip of electrocution
 S - a +2 blowgun of evasion
Missiles
 y - 20 curare-tipped needles
 Z - 105 poisoned needles
Armour
 R - a +2 hat (worn)
Jewellery
 d - an uncursed ring of flight
 e - a ring of wizardry (right tentacle)
 j - an uncursed ring of protection from fire
 n - a ring of ice (on tentacle)
 q - a ring of protection from fire (on tentacle)
 s - an uncursed ring of see invisible
 v - a +4 ring of evasion (on tentacle)
 A - a ring of magical power (on tentacle)
 D - a +4 ring of evasion (on tentacle)
 F - an uncursed amulet of stasis
 G - a ring of ice (on tentacle)
 Q - the ring of Shadows (left tentacle) {Umbra +Inv rN+ SInv}
   (You found it on level 3 of the Swamp)

   [ring of invisibility]

   It protects you from negative energy.
   It enhances your eyesight.
   It lets you turn invisible.
 V - an amulet of faith (around mantle)
Magical devices
 a - a wand of teleportation (4)
 m - a wand of digging (5)
 H - a wand of fireball (8)
 I - a wand of hasting (5)
 K - a wand of cold (8)
 M - a wand of random effects (27)
 P - a wand of invisibility (0)
Scrolls
 f - a scroll of enchant weapon
 h - 2 scrolls of magic mapping
 k - 3 scrolls of teleportation
 o - 2 scrolls of enchant armour
 r - 6 scrolls of immolation
 w - 2 scrolls of amnesia
 B - 7 scrolls of remove curse
 J - 5 scrolls of fog
 L - 4 scrolls of identify
 O - 2 scrolls of recharging
Potions
 i - 5 potions of haste
 l - 3 potions of brilliance
 u - 3 potions of cancellation
 x - a potion of berserk rage
 z - 5 potions of flight
 C - 4 potions of invisibility
 E - 2 potions of magic
 N - 2 potions of ambrosia
 T - 4 potions of might
 U - 3 potions of heal wounds
 W - 2 potions of agility
 X - a potion of curing
Comestibles
 b - 17 bread rations
 t - 10 meat rations


   Skills:
 - Level 9.1 Fighting
 + Level 6.7 Maces & Flails
 - Level 10.0 Dodging
 - Level 2.6 Stealth
 - Level 15.0 Spellcasting
 - Level 14.0 Conjurations
 + Level 9.0 Necromancy
 * Level 13.6 Ice Magic


You had 4 spell levels left.
You knew the following spells:

 Your Spells              Type           Power        Failure   Level  Hunger
a - Freeze                Ice            ####         0%          1    None
b - Ozocubu's Armour      Chrm/Ice       #######.     1%          3    None
c - Freezing Cloud        Conj/Ice/Air   ########..   1%          6    ####...
d - Condensation Shield   Ice            ########..   1%          4    None
e - Summon Ice Beast      Ice/Summ       #######.     1%          4    None
f - Throw Icicle          Conj/Ice       ########     1%          4    None
g - Regeneration          Chrm/Necr      #####.....   1%          3    None
h - Cure Poison           Pois           ###.......   1%          2    None
i - Mephitic Cloud        Conj/Pois/Air  #####...     1%          3    None
j - Bolt of Cold          Conj/Ice       ########..   1%          6    ####...
k - Ozocubu's Refrigerat  Ice            ########..   1%          6    ####...


Dungeon Overview and Level Annotations

Branches:
Dungeon (15/15)            Temple (1/1) D:4            Lair (8/8) D:11
  Swamp (3/4) Lair:5       Spider (0/4) Lair:5        Slime (0/6) Lair:7
    Orc (4/4) D:12            Elf (0/3) Orc:4        Vaults (0/5) D:14
 Depths (0/5) D:15

Altars:
Ashenzari
Dithmenos
Elyvilon
Fedhas
Gozag
Kikubaaqudgha
Makhleb
Nemelex Xobeh
Okawaru
Qazlal
Ru
Sif Muna
Trog
Vehumet
Yredelemnul
Zin
The Shining One

Shops:
D:15 ([*   Orc:3 %   Orc:4 (=[*%

Portals:
Trove: D:14 (show slimy rune of Zot)

Annotations:
D:2 exclusion: door
Lair:5 Rupert
Swamp:1 exclusion: Roxanne, Roxanne
Swamp:3 Aizul


Innate Abilities, Weirdness & Mutations

You cannot wear most types of armour.
You are amphibious.
You can wear up to eight rings at the same time.
You can use your tentacles to constrict eight enemies at once.
Your skin changes colour to match your surroundings (Stealth).
Your rubbery body absorbs attacks (AC +1).
You are partially covered in icy blue scales (AC +1).
You are clumsy. (Dex -2)
Your flesh is very heat resistant.
You occasionally shout uncontrollably at your foes.


Message History

Aizul casts a spell at you. The bolt of poison hits you!
You are more poisoned.
Unknown command.
Unknown command.
Casting: Ozocubu's Refrigeration
Confirm with . or Enter, or press ? or * to list all spells.
Aiming: Bolt of Cold
Press: ? - help, Shift-Dir - straight line, f - Aizul
Aim: Aizul (heavily wounded, umbra)
You feel a strong surge of power!
The bolt of cold hits Aizul.
Aizul is severely wounded.
You feel sick. Aizul casts a spell at you. The poison arrow hits you!
You are more poisoned.
* * * LOW HITPOINT WARNING * * *
The bog body completely misses you. You block the bog body's attack.
Aizul hits you.
You die...

≈.≈....♣ ≈..
.≈..♣..≈≈
.≈≈≈≈≈ <≈..♣
♣§≈.≈≈≈ ≈≈≈.♣
♣.§≈≈. ♣≈≈♣♣
♣.≈.≈ ≈≈.♣ .♣
♣.≈.♣ ≈≈≈♣
..≈♣♣♣♣♣†..♣
≈≈≈♣
♣≈≈.....S≈♣
...♣
≈≈.......@≈♣
.♣ ♣♣.♣
≈..####n..♣♣
..♣ ♣.♣♣
#...##..♣♣♣..♣
..♣ #....
##......♣≈♣
≈.♣ #...#.
#....≈≈≈≈♣ ≈.♣
#..###
#...≈≈.≈≈≈ ≈≈
#.. #....≈≈.≈≈
≈≈≈ #
##.).≈≈≈.≈≈
≈≈≈♣
##..>≈≈.....


You could see Aizul and a bog body.

Vanquished Creatures
  Nikola (Swamp:1)
  Gastronok (Orc:1)
  2 thorn hunters
  Kirke (Swamp:1)
  Donald (Swamp:2)
  Maud (D:13)
  2 orc warlords (Orc:4)
  Louise (Swamp:2)
  3 rakshasas (D:15)
  8 vault guards (D:14)
  A minotaur (Lab)
  13 hydras
  2 catoblepae
  2 centaur warriors (D:15)
  2 alligators (Swamp:1)
  A deep troll shaman (Lair:8)
  16 death yaks
  A tengu warrior (D:15)
  Urug (Orc:1)
  5 orc high priests
  Sonja (Lair:3)
  A fire crab (Lair:8)
  4 ice devils (IceCv)
  2 unseen horrors
  A yaktaur (shapeshifter) (D:15)
  4 swamp dragons
  A death drake (shapeshifter) (D:13)
  2 ice statues (IceCv)
  A giant orange brain (shapeshifter) (D:15)
  8 hill giants
  A lindwurm (Lair:8)
  12 orc knights
  A harpy (Swamp:1)
  7 ugly things
  3 cyclopes
  4 griffons
  2 hornets
  5 orc sorcerers
  2 manticores
  Maurice (D:8)
  4 centaur zombies
  9 black mambas
  20 elephants
  16 spiny frogs
  A gargoyle (Lab)
  3 centaur skeletons
  A kobold demonologist (D:10)
  A smoke demon (Orc:4)
  10 komodo dragons
  An efreet (D:11)
  A harpy zombie (D:15)
  2 giant leeches
  4 trolls
  A jumping spider (shapeshifter) (D:14)
  3 blue devils (IceCv)
  A trapdoor spider zombie (D:15)
  6 blink frogs (Lair:4)
  2 bog bodies (Swamp:1)
  3 ravens (D:15)
  A two-headed ogre (D:11)
  9 slime creatures
  A hungry ghost (D:13)
  2 humans (Swamp:1)
  2 shadows
  A deep elf mage (D:11)
  3 trapdoor spiders
  A steam dragon (D:13)
  A wyvern (Lair:6)
  10 yaks
  3 spriggans (Swamp:2)
  A hog (shapeshifter) (D:15)
  5 basilisks
  10 wargs
  5 vampire mosquitoes
  3 mottled dragons
  7 hippogriffs
  15 swamp worms
  2 soldier ants
  9 wolves
  15 water moccasins
  Duvessa (D:5)
  7 ice beasts
  3 sky beasts
  42 orc warriors
  4 wasps
  4 black bears
  6 porcupines
  2 swamp drakes
  A spider (D:10)
  8 ogres
  9 crocodiles
  2 phantoms
  A big kobold (D:10)
  10 centaurs
  Blork the orc (D:4)
  14 giant frogs
  Dowan (D:5)
  6 scorpions
  A water moccasin skeleton (D:7)
  5 wights
  An electric eel (D:12)
  A goliath beetle (D:11)
  6 crimson imps
  4 hounds
  34 orc priests
  8 jellies
  3 giant frog skeletons
  5 iguanas
  2 quasits
  45 orc wizards
  4 worker ants
  17 sheep
  Robin (D:2)
  11 gnolls
  A worker ant zombie (D:10)
  45 river rats
  17 adders
  7 shadow imps
  21 white imps
  6 ufetubi (IceCv)
  3 oozes (D:1)
  3 adder skeletons
  A worm (D:2)
  A worm (shapeshifter) (D:15)
  4 giant geckos
  160 orcs
  3 ball pythons
  A bat skeleton (D:4)
  36 goblins
  31 hobgoblins
  3 jackals (D:1)
  15 kobolds
  4 quokkas
  13 bats
  8 giant cockroaches
  4 giant newts
  A giant spore (D:12)
  A goblin zombie (D:6)
  A hobgoblin zombie (D:6)
  A jackal skeleton (D:7)
  A kobold zombie (D:6)
  2 quokka skeletons
  A quokka zombie (D:8)
  17 rats
  2 briar patches (Swamp:3)
  A bush (Lair:8)
  3 fungi
  9 plants (Lair:8)
1020 creatures vanquished.

Vanquished Creatures (collateral kills)
  A catoblepas (Lair:8)
  4 death yaks
  An ice devil (IceCv)
  A giant orange brain (D:15)
  An orc knight (D:10)
  2 hill giants (D:11)
  4 ugly things
  12 elephants
  3 gargoyles (Lab)
  2 komodo dragons (Lair:2)
  A centaur skeleton (D:12)
  A troll (D:10)
  A polar bear (Lair:8)
  A two-headed ogre (D:10)
  3 blink frogs (Lair:4)
  A slime creature (D:15)
  A water elemental (D:12)
  6 yaks
  Grum (D:10)
  A porcupine (Lair:1)
  3 ice beasts (IceCv)
  3 orc warriors
  2 crocodiles (D:11)
  2 goliath beetles
  5 wights
  A jelly (Lair:7)
  2 orc priests
  2 orc wizards
  An iguana (D:8)
  17 sheep
  32 river rats
  An ufetubus (IceCv)
  3 orcs
  A hobgoblin (D:8)
  2 fungi (Lair:7)
125 creatures vanquished.

Vanquished Creatures (others)
  3 humans (Swamp:1)
  A swamp worm (Swamp:3)
  20 ice beasts
  A giant frog (Lair:1)
  An ufetubus (IceCv)
  6 fungi
  A plant (Lair:5)
33 creatures vanquished.

Grand Total: 1178 creatures vanquished

Notes
Turn   | Place    | Note
--------------------------------------------------------------
     0 | D:1      | oplop, the Octopode Ice Elementalist, began the quest for the Orb.
     0 | D:1      | Reached XP level 1. HP: 11/11 MP: 3/3
   205 | D:1      | Reached XP level 2. HP: 10/17 MP: 0/5
   609 | D:1      | Reached XP level 3. HP: 16/21 MP: 6/6
  1255 | D:1      | Learned a level 3 spell: Ozocubu's Armour
  1357 | D:2      | Found a basalt altar of Yredelemnul.
  1412 | D:2      | Reached XP level 4. HP: 22/27 MP: 6/8
  1571 | D:2      | Noticed Robin
  1582 | D:2      | Reached skill level 4 in Ice Magic
  1671 | D:2      | Learned a level 2 spell: Throw Frost
  1723 | D:1      | Reached skill level 1 in Fighting
  2046 | D:2      | Reached XP level 5. HP: 30/33 MP: 1/10
  2206 | D:2      | Killed Robin
  2866 | D:3      | Reached XP level 6. HP: 35/39 MP: 4/11
  2926 | D:3      | Found an opulent altar of Gozag.
  2939 | D:3      | Found a shadowy altar of Dithmenos.
  3203 | D:4      | Noticed Blork the orc
  3301 | D:4      | Killed Blork the orc
  3301 | D:4      | Reached skill level 5 in Ice Magic
  3491 | D:4      | Found a staircase to the Ecumenical Temple.
  3534 | Temple   | Entered the Ecumenical Temple
  3756 | Temple   | Became a worshipper of Vehumet
  3929 | D:4      | Reached XP level 7. HP: 25/45 MP: 2/13
  4031 | D:4      | Learned a level 4 spell: Condensation Shield
  4245 | D:4      | Found a white marble altar of Elyvilon.
  4380 | D:5      | Entered Level 5 of the Dungeon
  4399 | D:5      | Noticed Dowan
  4405 | D:5      | Noticed Duvessa
  4502 | D:5      | Killed Duvessa
  4666 | D:5      | Reached skill level 5 in Spellcasting
  4720 | D:5      | Reached skill level 6 in Ice Magic
  4729 | D:5      | Acquired Vehumet's first power
  4729 | D:5      | Offered knowledge of Flame Tongue by Vehumet.
  4805 | D:5      | Found a shattered altar of Ashenzari.
  4806 | D:5      | Identified a scroll of acquirement
  4934 | D:5      | Reached XP level 8. HP: 52/54 MP: 7/15
  5040 | D:5      | Killed Dowan
  5466 | D:6      | Reached skill level 5 in Fighting
  5656 | D:6      | Found a bloodstained altar of Trog.
  5792 | D:6      | Reached skill level 7 in Ice Magic
  5796 | D:6      | Offered knowledge of Shock by Vehumet.
  5816 | D:6      | Found a sand-covered staircase.
  6015 | D:6      | Learned a level 4 spell: Summon Ice Beast
  6020 | D:6      | Learned a level 4 spell: Throw Icicle
  6472 | D:7      | Reached XP level 9. HP: 59/61 MP: 18/18
  7365 | D:8      | Offered knowledge of Searing Ray by Vehumet.
  7386 | D:8      | Noticed Maurice
  7430 | D:8      | Killed Maurice
  7430 | D:8      | Reached skill level 8 in Ice Magic
  7708 | D:8      | Learned a level 3 spell: Regeneration
  7844 | D:8      | Acquired Vehumet's second power
  7896 | D:8      | Reached skill level 1 in Necromancy
  7913 | D:8      | Paralysed by an orc for 2 turns
  8032 | D:9      | Reached skill level 5 in Dodging
  8389 | D:9      | Offered knowledge of Conjure Flame by Vehumet.
  8538 | D:10     | Entered Level 10 of the Dungeon
  8538 | D:10     | Noticed a kobold demonologist
  8663 | D:10     | Noticed an orc knight
  8672 | D:10     | Reached XP level 10. HP: 66/66 MP: 13/21
  8775 | D:10     | Noticed a soul eater
  8776 | D:10     | Killed a kobold demonologist
  9060 | D:10     | Learned a level 2 spell: Cure Poison
  9381 | D:10     | Killed an orc knight
  9381 | D:10     | Acquired Vehumet's third power
  9980 | D:10     | Noticed Grum
  9984 | D:10     | Killed Grum
  9984 | D:10     | Offered knowledge of Iskenderun's Mystic Blast by Vehumet.
 10079 | D:10     | Learned a level 3 spell: Mephitic Cloud
 10148 | D:11     | Noticed a cyan ugly thing
 10182 | D:11     | Killed a cyan ugly thing
 10182 | D:11     | Reached skill level 5 in Conjurations
 10195 | D:11     | Gained mutation: You are partially covered in icy blue scales (AC +1). [mutagenic meat]
 10196 | D:11     | Gained mutation: One of your tentacles bears a spike. [mutagenic meat]
 10263 | D:11     | Found a staircase to the Lair.
 10263 | D:11     | Noticed an elephant
 10287 | D:11     | Killed an elephant
 10287 | D:11     | Reached XP level 11. HP: 72/72 MP: 8/23
 10444 | D:11     | Noticed a hill giant
 10456 | D:11     | Killed a hill giant
 10456 | D:11     | Reached skill level 9 in Spellcasting
 10456 | D:11     | Reached skill level 5 in Necromancy
 10726 | D:11     | Noticed a brown ugly thing
 11054 | D:11     | Killed a brown ugly thing
 11193 | D:11     | Noticed an unseen horror
 11194 | D:11     | Noticed a hill giant
 11208 | D:11     | Killed a hill giant
 11225 | D:11     | Noticed a cyclops
 11236 | D:11     | Killed a cyclops
 11244 | D:11     | Killed an unseen horror
 11485 | D:11     | Noticed a white ugly thing
 11496 | D:11     | Killed a white ugly thing
 11788 | D:11     | Noticed a hill giant
 11792 | D:11     | Killed a hill giant
 11937 | D:11     | Gained mutation: You tend to lose your temper in combat. [mutagenic meat]
 12204 | Lair:1   | Entered Level 1 of the Lair of Beasts
 12595 | Lair:1   | Offered knowledge of Freezing Cloud by Vehumet.
 13039 | Lair:2   | Reached XP level 12. HP: 79/79 MP: 25/25
 13084 | Lair:1   | Learned a level 6 spell: Freezing Cloud
 13270 | Lair:2   | Reached skill level 10 in Spellcasting
 14332 | Lair:3   | Found a shattered altar of Ashenzari.
 14552 | Lair:3   | Found a labyrinth entrance.
 14562 | Lab      | Entered a labyrinth
 14953 | Lab      | Gained mutation: You are somewhat resistant to further mutation. [potion of beneficial mutation]
 14958 | Lab      | Noticed a minotaur
 14967 | Lab      | Killed a minotaur
 15150 | Lair:3   | Noticed Sonja
 15158 | Lair:3   | Killed Sonja
 15197 | Lair:3   | Noticed a death yak
 15197 | Lair:3   | Noticed a death yak
 15197 | Lair:3   | Noticed a death yak
 15198 | Lair:3   | Noticed a death yak
 15233 | Lair:3   | Noticed a death yak
 15266 | Lair:3   | Noticed a death yak
 15278 | Lair:3   | Killed a death yak
 15287 | Lair:3   | Killed a death yak
 15289 | Lair:3   | Killed a death yak
 15291 | Lair:3   | Killed a death yak
 15291 | Lair:3   | Killed a death yak
 15291 | Lair:3   | Reached skill level 10 in Ice Magic
 15292 | Lair:3   | Killed a death yak
 15642 | Lair:3   | Reached XP level 13. HP: 86/86 MP: 21/27
 16226 | Lair:4   | Reached skill level 11 in Spellcasting
 16952 | Lair:5   | Found a staircase to the Swamp.
 17018 | Lair:5   | Found a hole to the Spider Nest.
 17155 | Lair:5   | Offered knowledge of Bolt of Magma by Vehumet.
 17157 | Lair:5   | Noticed Rupert
 18597 | Lair:6   | Reached skill level 10 in Dodging
 18762 | Lair:7   | Found a staircase to the Slime Pits.
 18935 | Lair:7   | Reached XP level 14. HP: 71/92 MP: 28/29
 19485 | Lair:8   | Entered Level 8 of the Lair of Beasts
 19496 | Lair:8   | Offered knowledge of Iskenderun's Battlesphere by Vehumet.
 19773 | Lair:8   | Reached skill level 12 in Spellcasting
 20274 | Lair:8   | Reached skill level 10 in Conjurations
 21443 | Lair:1   | Learned a level 5 spell: Cigotuvi's Embrace
 21646 | D:12     | Noticed a hill giant
 21666 | D:12     | Killed a hill giant
 21942 | D:12     | Offered knowledge of Spellforged Servitor by Vehumet.
 21963 | D:12     | Noticed a hill giant
 21975 | D:12     | Killed a hill giant
 22361 | D:12     | Noticed a five-headed hydra
 22444 | D:12     | You fall through a shaft for 2 floors!
 22444 | D:14     | Found a stormy altar of Qazlal.
 22530 | D:14     | Reached XP level 15. HP: 101/101 MP: 30/31
 22984 | D:14     | Found a gate to the Vaults.
 22989 | D:14     | Reached skill level 13 in Spellcasting
 23128 | D:14     | Found a portal to a secret trove of treasure.
 23620 | D:15     | Entered Level 15 of the Dungeon
 23717 | D:15     | Found Bunuh's General Store.
 23768 | D:15     | Offered knowledge of Ozocubu's Refrigeration by Vehumet.
 23882 | D:15     | Found Sorghecu's Armour Shop.
 24378 | D:15     | Found Sevvaof's Antique Weapon Shoppe.
 24467 | D:15     | Learned a level 6 spell: Ozocubu's Refrigeration
 24815 | D:15     | Lost mutation: One of your tentacles bears a spike. [mutagenic meat]
 24816 | D:15     | Gained mutation: You occasionally shout uncontrollably at your foes. [mutagenic meat]
 24824 | D:15     | Found a staircase to the Depths.
 25001 | D:12     | Found a staircase to the Orcish Mines.
 25133 | D:12     | Killed a five-headed hydra
 25163 | D:12     | Reached skill level 14 in Spellcasting
 25187 | D:12     | Gained mutation: Your body sometimes deteriorates upon taking damage. [potion of mutation]
 25231 | Lair:1   | Lost mutation: You tend to lose your temper in combat. [potion of cure mutation]
 25231 | Lair:1   | Lost mutation: You are somewhat resistant to further mutation. [potion of cure mutation]
 25231 | Lair:1   | Lost mutation: Your body sometimes deteriorates upon taking damage. [potion of cure mutation]
 25232 | Lair:1   | Gained mutation: Your flesh is heat resistant. [potion of beneficial mutation]
 25471 | D:13     | Noticed Maud
 25479 | D:13     | Killed Maud
 25603 | D:13     | Offered knowledge of Orb of Destruction by Vehumet.
 26212 | Orc:1    | Entered Level 1 of the Orcish Mines
 26230 | Orc:1    | Noticed Urug
 26233 | Orc:1    | Killed Urug
 26326 | Orc:1    | Found a bloodstained altar of Trog.
 26412 | Orc:1    | Noticed Gastronok
 26418 | Orc:1    | Killed Gastronok
 26592 | Orc:2    | Reached XP level 16. HP: 75/108 MP: 34/34
 26721 | Orc:2    | Found a bloodstained altar of Trog.
 26866 | Orc:3    | Offered knowledge of Bolt of Cold by Vehumet.
 26884 | Orc:3    | Found a frozen archway.
 26937 | IceCv    | Entered an ice cave
 27135 | IceCv    | Learned a level 6 spell: Bolt of Cold
 27533 | IceCv    | Got a transparent demon whip
 27534 | IceCv    | Identified the +6 demon whip of Udwios {pain, +Rage Int+5 Stlth-} (You found it in an ice cave)
 27991 | Orc:3    | Reached skill level 1 in Maces & Flails
 27993 | Orc:3    | Offered knowledge of Lehudib's Crystal Spear by Vehumet.
 27993 | Orc:3    | Offered knowledge of Fire Storm by Vehumet.
 27993 | Orc:3    | Offered knowledge of Glaciate by Vehumet.
 28054 | Orc:3    | Found Cusiufimuy's Food Boutique.
 28068 | Orc:3    | Bought a meat ration for 50 gold pieces
 28068 | Orc:3    | Bought a meat ration for 50 gold pieces
 28379 | Orc:4    | Entered Level 4 of the Orcish Mines
 28380 | Orc:4    | Found a staircase to the Elven Halls.
 28762 | Orc:4    | Reached skill level 15 in Spellcasting
 28809 | Orc:4    | Found Rirob's General Store.
 28810 | Orc:4    | Found Ikarch's Jewellery Boutique.
 28811 | Orc:4    | Found Jexziday's Antique Armour Boutique.
 28811 | Orc:4    | Found Nysta's Antique Weapon Shop.
 28936 | Orc:4    | Found Zeothril's Food Emporium.
 29972 | Swamp:1  | Entered Level 1 of the Swamp
 29999 | Swamp:1  | Noticed Louise
 30001 | Swamp:1  | Noticed Kirke
 30012 | Swamp:1  | Killed Kirke
 30290 | Swamp:1  | Noticed Roxanne
 30338 | Swamp:1  | Reached skill level 5 in Maces & Flails
 30652 | Swamp:1  | Noticed Nikola
 30666 | Swamp:1  | Killed Nikola
 30923 | Swamp:2  | Noticed a thorn hunter
 30927 | Swamp:2  | Killed a thorn hunter
 30941 | Swamp:2  | Reached XP level 17. HP: 112/112 MP: 15/36
 30990 | Swamp:2  | Got a sparkling copper ring
 31003 | Swamp:2  | Noticed Donald
 31011 | Swamp:2  | Killed Donald
 31057 | Swamp:2  | Identified the cursed ring "Fen Ifebb" {rF- Str+8 Int-3 Dex-4 SInv} (You found it on level 2 of the Swamp)
 31126 | Swamp:2  | Killed Louise
 31540 | Swamp:2  | Gained mutation: You are clumsy. (Dex -2) [potion of mutation]
 31540 | Swamp:2  | Gained mutation: Your flesh is very heat resistant. [potion of mutation]
 32101 | Swamp:3  | Noticed Aizul
 32108 | Swamp:3  | HP: 1/112 [Aizul/poison arrow (40)]
 32108 | Swamp:3  | Slain by Aizul

Action                   |  1- 3 |  4- 6 |  7- 9 | 10-12 | 13-15 | 16-18 || total
-------------------------+-------+-------+-------+-------+-------+-------++-------
Melee: Unarmed           |    29 |       |       |       |       |       ||    29
       Dagger            |    38 |    53 |       |       |       |       ||    91
       Whip              |       |    58 |   299 |   273 |   525 |   178 ||  1333
       Demon whip        |       |       |       |       |       |   234 ||   234
 Cast: Freeze            |    24 |    43 |    29 |     8 |    15 |     1 ||   120
       Throw Frost       |       |    15 |    24 |     7 |       |       ||    46
       Ozocubu's Armour  |       |     5 |    26 |    37 |    51 |    37 ||   156
       Condensation Shie |       |       |    26 |    34 |    53 |    37 ||   150
       Throw Icicle      |       |       |    15 |   100 |   203 |    92 ||   410
       Summon Ice Beast  |       |       |     8 |    57 |    44 |    10 ||   119
       Regeneration      |       |       |       |    10 |    11 |    22 ||    43
       Cure Poison       |       |       |       |     6 |     3 |     2 ||    11
       Mephitic Cloud    |       |       |       |     1 |     2 |     6 ||     9
       Freezing Cloud    |       |       |       |     3 |    48 |    20 ||    71
       Ozocubu's Refrige |       |       |       |       |    10 |    44 ||    54
       Cigotuvi's Embrac |       |       |       |       |     3 |       ||     3
       Bolt of Cold      |       |       |       |       |       |    24 ||    24
Evoke: Wand              |       |       |       |       |       |     5 ||     5
  Use: Scroll            |       |       |     7 |    23 |    13 |     6 ||    49
       Potion            |       |       |     4 |     2 |     4 |     2 ||    12
 Stab: Sleeping          |     5 |    10 |    14 |     2 |     6 |     2 ||    39
       Distracted        |       |       |       |     3 |     4 |       ||     7
  Eat: Chunk             |     2 |     6 |    13 |    16 |    25 |    18 ||    80
       Meat ration       |       |     1 |     1 |       |     6 |     2 ||    10
       Fruit             |       |       |     2 |       |     1 |     2 ||     5
       Beef jerky        |       |       |     2 |     6 |     1 |     1 ||    10
       Pizza             |       |       |       |     3 |     1 |       ||     4
       Royal jelly       |       |       |       |     3 |     6 |       ||     9
